 Dungeon Crawl Stone Soup version 0.31-a0-246-g8cbcc1cb85 (webtiles) character file.

Game seed: 11981229441676417839

367 qw the Shooter (level 6, -1/51 HPs)
             Began as a Minotaur Hexslinger on July 12, 2023.
             Slain by a lemure (4 damage)
             ... led by Pikel
             ... on level 5 of the Dungeon.
             The game lasted 00:01:14 (3132 turns).

qw the Shooter (Minotaur Hexslinger)                Turns: 3132, Time: 00:01:15

Health: -1/51      AC: 12    Str: 12    XL:     6   Next: 41%
Magic:  6/6        EV: 10    Int: 10    God:
Gold:   195        SH:  0    Dex: 10    Spells: 6/7 levels left

rFire   . . .        Y - +1 sling (heavy)
rCold   . . .        (no shield)
rNeg    . . .        b - +0 ring mail
rPois   +            (helmet restricted)
rElec   .            (no cloak)
rCorr   .            (no gloves)
SInv    .            a - +2 pair of boots of the Eternal Fruit {Contam +Inv rPois Dex-5}
Will    .....        (no amulet) Stlth
                     l - +4 ring of protection
HPRegen 0.28/turn    (no ring)
MPRegen 0.10/turn

%: no passive effects
@: about to teleport
A: horns 2, retaliatory headbutt
a: Evoke Invisibility


You were on level 5 of the Dungeon.
You visited 2 branches of the dungeon, and saw 6 of its levels.

You collected 195 gold pieces.


Innate Abilities, Weirdness & Mutations

You have a pair of horns on your head.
You reflexively headbutt those who attack you in melee.


   Skills:
 + Level 3.4 Fighting
 - Level 6.5 Ranged Weapons
 - Level 2.1 Armour
 - Level 2.1 Dodging
 - Level 1.0 Spellcasting
 - Level 2.0 Hexes


You had 6 spell levels left.
You knew the following spells:

 Your Spells              Type           Power      Damage    Failure   Level
a - Slow                  Hex            16%        N/A       32%         1

Your spell library contained the following spells:

 Spells                   Type           Power      Damage    Failure   Level
 Inner Flame              Hex/Fire       2%         N/A       83%         3
 Portal Projectile        Hex/Tloc       4%         N/A       83%         3
 Cause Fear               Hex            2%         N/A       97%         4

Inventory:

Hand Weapons
 Y - a +1 heavy sling (weapon)
Armour
 a - the +2 pair of boots of the Eternal Fruit (worn) {Contam +Inv rPois Dex-5}
   (You acquired it on level 1 of the Dungeon)

   Dex:       It affects your dexterity (-5).
   rPois:     It protects you from poison.
   +Inv:      It lets you turn invisible.
   Contam:    It causes magical contamination when unequipped.
 b - a +0 ring mail (worn)
Jewellery
 l - a +4 ring of protection (left hand)
Scrolls
 e - 2 scrolls of teleportation
 g - a scroll of identify {unknown}
Potions
 c - a potion of cancellation {unknown}
 d - a potion of ambrosia {unknown}
 f - a potion of might {unknown}
 h - a potion of enlightenment {unknown}
 i - a potion of mutation {unknown}

Dungeon Overview and Level Annotations

Branches:
Dungeon (5/15)             Temple (1/1) D:4

Altars:
Cheibriados
Dithmenos
Hepliaklqana
Kikubaaqudgha
Makhleb
Nemelex Xobeh
Ru
Sif Muna
Vehumet
Xom
Yredelemnul
Zin

Annotations:
D:5 Pikel


Message History

Pikel freezes you.
You shoot a sling bullet.
The sling bullet hits Pikel but does no damage.
Pikel is heavily wounded.
The lemure closely misses you.
An orc wizard comes into view. It is wielding a +0 dagger.
The lemure closely misses you. You furiously retaliate!
You headbutt the lemure.
Pikel says, "Don't tell anyone, but I think Ereshkigal likes me."
Pikel hits you with a +0 whip of freezing.
Pikel freezes you.
Pikel hits you with a +0 whip of freezing.
Pikel freezes you. The lemure hits you but does no damage. The lemure hits you.
You shoot a sling bullet. The sling bullet hits Pikel.
Pikel is heavily wounded.
The lemure hits you.
An orc wizard comes into view. It is wielding a +0 dagger.
The lemure hits you.
Pikel says, "Hell isn't that bad."
Pikel barely misses you.
3130 ||| READING 3 scrolls of teleportation.
As you read the scroll of teleportation, it crumbles to dust.
You feel strangely unstable. The lemure misses you.
The lemure barely misses you.
The orc wizard gestures wildly while chanting.
The orc wizard flickers and vanishes!
Deactivating autopickup; reactivate with Ctrl-A.
Pikel barely misses you.
You shoot a sling bullet.
The sling bullet hits Pikel but does no damage.
Pikel is heavily wounded.
The lemure barely misses you. You furiously retaliate!
You headbutt the lemure! The lemure hits you but does no damage.
Pikel closely misses you. The lemure hits you but does no damage.
Pikel hits you with a +0 whip of freezing.
Pikel freezes you. The lemure barely misses you. You furiously retaliate!
You headbutt the lemure. You shoot a sling bullet. The sling bullet hits Pikel!
Pikel is almost dead.
The lemure hits you. x2
You die...

#......########...##..)...
..##.#.......#..........)#.#.
....................>.......#
...##.#.......#..###......###
... #.#.......##. ###.#.## ##
#.........### #+#...
###.........# #####
#.......### ####.##@# #..55K#
#..#o#5o ....#..?... #### ##.
...# ..#..# .. .... ..! ...


You could see Pikel, 3 lemures and 2 orc wizards.

Vanquished Creatures
  An ogre (D:5)
  A lemure (D:5)
  A hound (D:4)
  An orc priest (D:5)
  3 iguanas
  5 adders
  An ufetubus (D:5)
  A worm (D:2)
  2 dart slugs (D:1)
  5 orcs
  6 ball pythons
  9 bats
  9 endoplasms
  5 giant cockroaches
  12 goblins
  7 hobgoblins
  4 kobolds
  4 quokkas
  3 frilled lizards
  3 rats
83 creatures vanquished.

Notes
Turn   | Place    | Note
-------+----------+-------------------------------------------
     0 | D:1      | qw the Minotaur Hexslinger began the quest for the Orb.
     0 | D:1      | Reached XP level 1. HP: 16/16 MP: 1/1
     0 | D:1      | 0 ||| qw: Version: 0.3-a-52-g30416fa
     0 | D:1      | 0 ||| qw: Game counter: 6435
     0 | D:1      | 0 ||| qw: Melee chars always use a shield: true
     0 | D:1      | 0 ||| qw: God list: Okawaru
     0 | D:1      | 0 ||| qw: Allow faded altars: false
     0 | D:1      | 0 ||| qw: Do Orc after clearing Dungeon:15 true
     0 | D:1      | 0 ||| qw: Do second Lair branch before Depths: true
     0 | D:1      | 0 ||| qw: Lair rune preference: random
     0 | D:1      | 0 ||| qw: Goals: Normal
     0 | D:1      | 0 ||| PLANNING D:1-11
   151 | D:1      | Reached skill level 3 in Ranged Weapons
   170 | D:1      | Reached XP level 2. HP: 23/23 MP: 2/2
   376 | D:1      | Reached XP level 3. HP: 29/29 MP: 3/3
   377 | D:1      | Found a faded altar of an unknown god.
   788 | D:1      | 788 ||| UPGRADING to +0 leather armour.
   798 | D:1      | 798 ||| DROPPING +0 robe.
   799 | D:1      | 799 ||| UPGRADING to +4 ring of protection.
   800 | D:1      | 800 ||| READING scroll labelled TETEIME DUBAACE.
   801 | D:1      | 801 ||| READING scroll labelled GOOL FAQIT.
   805 | D:1      | 805 ||| READING scroll labelled ACVUAH GAWIRYO.
   805 | D:1      | Identified a scroll of acquirement
   805 | D:1      | 805 ||| ACQUIRING +2 pair of boots of the Eternal Fruit
                  | {Contam +Inv rPois Dex-5}
   805 | D:1      | Acquired the +2 pair of boots of the Eternal Fruit {Contam
                  | +Inv rPois Dex-5}
   807 | D:1      | 807 ||| UPGRADING to +2 pair of boots of the Eternal Fruit
                  | {Contam +Inv rPois Dex-5}.
   812 | D:1      | 812 ||| DRINKING 3 bubbling inky potions.
   856 | D:1      | 856 ||| DROPPING scroll of poison.
   857 | D:1      | 857 ||| DROPPING 2 potions of lignification.
  1000 | D:2      | Reached skill level 4 in Ranged Weapons
  1389 | D:2      | Reached XP level 4. HP: 36/36 MP: 4/4
  1744 | D:2      | 1744 ||| READING 2 scrolls labelled LAT DECAHOAM.
  1745 | D:2      | 1745 ||| READING scroll labelled ODELIK SANKOA.
  1746 | D:2      | 1746 ||| DROPPING scroll of revelation.
  1799 | D:3      | Found a hazy altar of Hepliaklqana.
  1953 | D:3      | Reached skill level 5 in Ranged Weapons
  2284 | D:3      | 2284 ||| UPGRADING to +0 ring mail.
  2294 | D:3      | 2294 ||| DROPPING +0 leather armour.
  2295 | D:3      | 2295 ||| READING scroll labelled TIMEGGITOMOH.
  2334 | D:4      | Reached XP level 5. HP: 42/42 MP: 5/5
  2436 | D:4      | Found a burning altar of Makhleb.
  2436 | D:4      | Found a glowing silver altar of Zin.
  2437 | D:4      | Noticed an angel
  2437 | D:4      | Noticed a green death
  2515 | D:4      | Found a staircase to the Ecumenical Temple.
  2516 | D:4      | 2516 ||| PLANNING TEMPLE
  2524 | Temple   | Entered the Ecumenical Temple
  2664 | Temple   | 2664 ||| PLANNING D:1-11
  2819 | D:4      | Found a sparkling altar of Nemelex Xobeh.
  2893 | D:5      | Entered Level 5 of the Dungeon
  2899 | D:5      | Reached skill level 3 in Fighting
  2963 | D:5      | Reached XP level 6. HP: 41/51 MP: 6/6
  2975 | D:5      | 2975 ||| FLEEEEING.
  2976 | D:5      | 2976 ||| FLEEEEING.
  2977 | D:5      | 2977 ||| FLEEEEING.
  2998 | D:5      | 2998 ||| FLEEEEING.
  3006 | D:5      | Reached skill level 6 in Ranged Weapons
  3120 | D:5      | Noticed Pikel
  3129 | D:5      | HP: 10/51 [lemure[Pikel] (4)]
  3130 | D:5      | 3130 ||| READING 3 scrolls of teleportation.
  3132 | D:5      | HP: 3/51 [lemure[Pikel] (4)]
  3132 | D:5      | Slain by a lemure

Levels and vault maps discovered:
D:1:      dreamdust_arrival_beginning_and_end, layout_basic,
          shapermc_ecumenical_altar_notcrosses, hangedman_decor_push
D:2:      layout_basic, kennysheep_another_room
D:3:      layout_rooms, mainiacjoe_overflow_boulevard
D:4:      layout_cave_pools, grunt_temple_overflow_order_and_chaos_2,
          nemelex_dance_club_becter, minmay_temple_entry_sparse_star
D:5:      layout_loops_cross, serial_shops, nicolae_shop_rolling_square,
          uniq_crazy_yiuf_cottage, uniq_pikel, uniq_menkaure
Temple:   hellmonk_temple_flake

Skill      XL: |  1  2  3  4  5  6 |
---------------+-------------------+-----
Ranged Weapons | 3 4 5 6 |  6.5
Fighting       | 2 3 |  3.4
Armour         | 2 |  2.1
Dodging        | |  2.1
Spellcasting   | |  1.0
Hexes          | |  2.0

Action                     |  1- 3 |  4- 6 || total
---------------------------+-------+-------++-------
   Fire: Sling             |   120 |   141 ||   261
    Use: Scroll            |     3 |     4 ||     7
         Potion            |     1 |       ||     1
 Armour: Robe              |     2 |       ||     2
         Leather armour    |    10 |    15 ||    25
         Ring mail         |       |    17 ||    17
  Dodge: Dodged            |    35 |    61 ||    96

Table legend:
 A = Non-vault XP
 B = Vault XP
 C = Vault XP percentage of total XP
 D = Non-vault monster count
 E = Vault monster count
 F = Vault count percentage of total count
                 A         B        C        D         E       F
            +---------+---------+-------+---------+---------+-------
      Total |     520 |       5 |   1.0 |      80 |       2 |   2.4
            +---------+---------+-------+---------+---------+-------
        D:1 |      58 |       0 |   0.0 |      30 |       0 |   0.0
        D:2 |      54 |       0 |   0.0 |      16 |       0 |   0.0
        D:3 |      77 |       0 |   0.0 |      10 |       0 |   0.0
        D:4 |      80 |       5 |   5.9 |      15 |       2 |  11.8
        D:5 |     251 |       0 |   0.0 |       9 |       0 |   0.0
            +---------+---------+-------+---------+---------+-------
